TOP OF THE 1ST |
University of Nebraska Cornhuskers batting - Pitching for University of Florida Gators : LHP Alex Zepeda
|
Pitching: LHP Alex Zepeda
|
|
Batting: RHB Chris Anthony
|
0-0: Swinging Strike 0-1: Swinging Strike 0-2: Ball 1-2: Strikes out looking
|
Batting: LHB Tony Cisneros
|
0-0: Called Strike 0-1: Foul Ball, location: 2F 0-2: Ground out 6-3 (Groundball, 6M, EV 100.0 MPH)
|
Batting: LHB Luis Ponce
|
0-0: Ball 1-0: Called Strike 1-1: Ball 2-1: Swinging Strike 2-2: Strikes out swinging
|
Top of the 1st over - 0 runs, 0 hits, 0 errors, 0 left on base; University of Nebraska 0 - University of Florida 0 |
BOTTOM OF THE 1ST |
University of Florida Gators batting - Pitching for University of Nebraska Cornhuskers : RHP Greg Huebner
|
Pitching: RHP Greg Huebner
|
|
Batting: LHB Juan Cadavid
|
0-0: Foul Ball, location: 2F 0-1: Swinging Strike 0-2: Strikes out swinging
|
Batting: RHB Ben Bailey
|
0-0: Swinging Strike 0-1: Ball 1-1: Called Strike 1-2: Foul Ball, location: 2F 1-2: Strikes out swinging
|
Batting: RHB Marco Morales
|
0-0: Foul Ball, location: 2F 0-1: Ground out 5-3 (Groundball, 56, EV 102.5 MPH)
|
Bottom of the 1st over - 0 runs, 0 hits, 0 errors, 0 left on base; University of Nebraska 0 - University of Florida 0 |
TOP OF THE 2ND |
University of Nebraska Cornhuskers batting - Pitching for University of Florida Gators : LHP Alex Zepeda
|
Batting: RHB Quentin Howland
|
0-0: Ball 1-0: Ball 2-0: Swinging Strike 2-1: Foul Ball, location: 2F 2-2: Foul Ball, location: 2F 2-2: Strikes out swinging
|
Batting: LHB Jose Gonzalez
|
0-0: Ball 1-0: SINGLE (Groundball, 6, EV 95.0 MPH)
|
Batting: RHB Mario Lopec
|
0-0: Called Strike 0-1: Fly out, F9 (Flyball, 9, EV 76.2 MPH)
|
Batting: LHB Bob Appleby
|
0-0: Foul Ball, location: 2F 0-1: Ball 1-1: Ball 2-1: Swinging Strike 2-2: Foul Ball, location: 2F 2-2: Fielders Choice at 2nd, 6-4 (Groundball, 6D, EV 105.0 MPH)
|
Top of the 2nd over - 0 runs, 1 hit, 0 errors, 1 left on base; University of Nebraska 0 - University of Florida 0 |
BOTTOM OF THE 2ND |
University of Florida Gators batting - Pitching for University of Nebraska Cornhuskers : RHP Greg Huebner
|
Batting: RHB Josh Benefield
|
0-0: Foul Ball, location: 2F 0-1: Reached on error, E4 (Groundball, 4M, EV 80.6 MPH)
|
Batting: RHB Luis Cabera
|
0-0: DOUBLE (Flyball, 8LD, EV 104.4 MPH) Josh Benefield to third
|
Batting: RHB Gong-sun Law
|
0-0: Ball 1-0: Ball 2-0: Fly out, F9 (Flyball, 89XD, EV 98.8 MPH) Runner from 3rd tags up, SCORES, no throw by RF Luis Cabera to third
|
Batting: RHB Lião Weishampt
|
0-0: Ball 1-0: Foul Ball, location: 2F 1-1: Foul Ball, location: 2F 1-2: Strikes out swinging
|
Batting: SHB Thad Shearing
|
0-0: Called Strike 0-1: Ball 1-1: Ball 2-1: Called Strike 2-2: Ground out U3 (Groundball, 3L, EV 83.8 MPH)
|
Bottom of the 2nd over - 1 run, 1 hit, 1 error, 1 left on base; University of Nebraska 0 - University of Florida 1 |
TOP OF THE 3RD |
University of Nebraska Cornhuskers batting - Pitching for University of Florida Gators : LHP Alex Zepeda
|
Batting: RHB Tyler Cohen
|
0-0: Called Strike 0-1: Called Strike 0-2: Strikes out swinging
|
Batting: RHB Sergio Andrada
|
0-0: Swinging Strike 0-1: Foul Ball, location: 2F 0-2: Ball 1-2: Strikes out looking
|
Batting: RHB Chris Anthony
|
0-0: Ball 1-0: Ball 2-0: Foul Ball, location: 2F 2-1: Foul Ball, location: 2F 2-2: Strikes out looking
|
Top of the 3rd over - 0 runs, 0 hits, 0 errors, 0 left on base; University of Nebraska 0 - University of Florida 1 |
BOTTOM OF THE 3RD |
University of Florida Gators batting - Pitching for University of Nebraska Cornhuskers : RHP Greg Huebner
|
Batting: RHB Danny Cisneros
|
0-0: Ball 1-0: Foul Ball, location: 2F 1-1: Swinging Strike 1-2: Ball 2-2: Ball 3-2: Foul Ball, location: 2F 3-2: Strikes out looking
|
Batting: LHB Juan Cadavid
|
0-0: Foul Ball, location: 2F 0-1: Ball 1-1: Ball 2-1: SINGLE (Groundball, 4, EV 93.8 MPH)
|
Batting: RHB Ben Bailey
|
0-0: Ball 1-0: Foul Ball, location: 2F 1-1: Swinging Strike 1-2: Foul Ball, location: 2F 1-2: Ball 2-2: Ball 3-2: Fielders Choice at 2nd, 6-4 (Groundball, 6, EV 85.0 MPH)
|
Batting: RHB Marco Morales
|
0-0: Foul Ball, location: 2F 0-1: Ball 1-1: Foul Ball, location: 2F 1-2: Foul Ball, location: 2F 1-2: Foul Ball, location: 2F 1-2: Foul Ball, location: 2F 1-2: Foul Ball, location: 2F 1-2: SINGLE (Groundball, P, EV 82.5 MPH) (infield hit) Ben Bailey to second
|
Batting: RHB Josh Benefield
|
0-0: Fielders Choice at 2nd, 6-4 (Groundball, 6, EV 101.9 MPH)
|
Bottom of the 3rd over - 0 runs, 2 hits, 0 errors, 2 left on base; University of Nebraska 0 - University of Florida 1 |
TOP OF THE 4TH |
University of Nebraska Cornhuskers batting - Pitching for University of Florida Gators : LHP Alex Zepeda
|
Batting: LHB Tony Cisneros
|
0-0: Ball 1-0: Ball 2-0: Called Strike 2-1: SINGLE (Line Drive, 3D, EV 98.8 MPH)
|
Batting: LHB Luis Ponce
|
0-0: Ball 1-0: Foul Ball, location: 2F 1-1: Swinging Strike 1-2: Ground out U3 (Groundball, 34, EV 105.6 MPH) Tony Cisneros to second
|
Batting: RHB Quentin Howland
|
0-0: Ball 1-0: Called Strike 1-1: Called Strike 1-2: Ball 2-2: Foul Ball, location: 2F 2-2: Strikes out looking
|
Batting: LHB Jose Gonzalez
|
0-0: Swinging Strike 0-1: Swinging Strike 0-2: Foul Ball, location: 2F 0-2: Foul Ball, location: 2F 0-2: Ball 1-2: Strikes out swinging, 2-3 out at first.
|
Top of the 4th over - 0 runs, 1 hit, 0 errors, 1 left on base; University of Nebraska 0 - University of Florida 1 |
BOTTOM OF THE 4TH |
University of Florida Gators batting - Pitching for University of Nebraska Cornhuskers : RHP Greg Huebner
|
Batting: RHB Luis Cabera
|
0-0: Ball 1-0: Ground out 5-3 (Groundball, 56S, EV 63.1 MPH)
|
Batting: RHB Gong-sun Law
|
0-0: Ball 1-0: Foul Ball, location: 2F 1-1: Ball 2-1: Fly out, F9 (Flyball, 89XD, EV 88.8 MPH)
|
Batting: RHB Lião Weishampt
|
0-0: Ball 1-0: Ball 2-0: DOUBLE (Line Drive, 9LS, EV 98.1 MPH)
|
Batting: SHB Thad Shearing
|
0-0: Ground out 6-3 (Groundball, 56, EV 92.5 MPH)
|
Bottom of the 4th over - 0 runs, 1 hit, 0 errors, 1 left on base; University of Nebraska 0 - University of Florida 1 |
TOP OF THE 5TH |
University of Nebraska Cornhuskers batting - Pitching for University of Florida Gators : LHP Alex Zepeda
|
Batting: RHB Mario Lopec
|
0-0: Fly out, F8 (Flyball, 8RD, EV 108.1 MPH)
|
Batting: LHB Bob Appleby
|
0-0: Called Strike 0-1: Bunt for hit to 25 - play at first, batter OUT! 5-3
|
Batting: RHB Tyler Cohen
|
0-0: Swinging Strike 0-1: Reached on error, E5 (Groundball, 5L, EV 80.0 MPH)
|
Batting: RHB Sergio Andrada
|
0-0: Ball 1-0: Ball 2-0: Ball 3-0: Called Strike 3-1: Foul Ball, location: 2F 3-2: Foul Ball, location: 2F 3-2: Foul Ball, location: 2F 3-2: Strikes out looking
|
Top of the 5th over - 0 runs, 0 hits, 1 error, 1 left on base; University of Nebraska 0 - University of Florida 1 |
BOTTOM OF THE 5TH |
University of Florida Gators batting - Pitching for University of Nebraska Cornhuskers : RHP Greg Huebner
|
Batting: RHB Danny Cisneros
|
0-0: Called Strike 0-1: Foul Ball, location: 2F 0-2: Strikes out looking
|
Batting: LHB Juan Cadavid
|
0-0: Swinging Strike 0-1: Foul Ball, location: 2F 0-2: Ball 1-2: Ball 2-2: SINGLE (Groundball, 4MS, EV 64.4 MPH) (infield hit)
|
Batting: RHB Ben Bailey
|
0-0: Called Strike 0-1: Foul Ball, location: 2F 0-2: Ball 1-2: Ball 2-2: Ball 3-2: Foul Ball, location: 2F 3-2: Strikes out swinging
|
Pitching: RHP Dana Buker
|
|
Batting: RHB Marco Morales
|
0-0: Ball Juan Cadavid is caught stealing 2nd base 2-4
|
Bottom of the 5th over - 0 runs, 1 hit, 0 errors, 0 left on base; University of Nebraska 0 - University of Florida 1 |
TOP OF THE 6TH |
University of Nebraska Cornhuskers batting - Pitching for University of Florida Gators : LHP Alex Zepeda
|
Batting: RHB Chris Anthony
|
0-0: Foul Ball, location: 2F 0-1: Called Strike 0-2: Foul Ball, location: 2F 0-2: Ball 1-2: Fly out, F8 (Line Drive, 89M, EV 100.0 MPH)
|
Pitching: LHP Juan Portillo
|
|
Pinch Hitting: RHB Aidan Collet
|
0-0: Ball 1-0: Swinging Strike 1-1: Foul Ball, location: 2F 1-2: Foul Ball, location: 2F 1-2: Strikes out swinging
|
Batting: RHB Jason Blakeley
|
0-0: Swinging Strike 0-1: Foul Ball, location: 2F 0-2: Strikes out swinging
|
Top of the 6th over - 0 runs, 0 hits, 0 errors, 0 left on base; University of Nebraska 0 - University of Florida 1 |
BOTTOM OF THE 6TH |
University of Florida Gators batting - Pitching for University of Nebraska Cornhuskers : RHP Dana Buker
|
Now at SS: Rob Bryan
|
|
Batting: RHB Marco Morales
|
0-0: Reached on error, E4 (Groundball, 4, EV 85.6 MPH)
|
Batting: RHB Josh Benefield
|
0-0: Ball 1-0: Reached on error, E6 (Groundball, 6M, EV 86.9 MPH) Marco Morales scores
|
Batting: RHB Luis Cabera
|
0-0: Foul Ball, location: 2F 0-1: SINGLE (Groundball, 56S, EV 66.9 MPH) (infield hit) Josh Benefield to third
|
Batting: RHB Gong-sun Law
|
0-0: Called Strike 0-1: Called Strike 0-2: Ball 1-2: Fielders Choice at 2nd, 6-4 (Groundball, 6, EV 80.6 MPH) Josh Benefield scores
|
Batting: RHB Lião Weishampt
|
0-0: Foul Ball, location: 2F 0-1: Foul Ball, location: 2F 0-2: Ball 1-2: Ball 2-2: Strikes out looking
|
Batting: SHB Thad Shearing
|
0-0: Ball Gong-sun Law is caught stealing 2nd base 2-6
|
Bottom of the 6th over - 2 runs, 1 hit, 2 errors, 0 left on base; University of Nebraska 0 - University of Florida 3 |
TOP OF THE 7TH |
University of Nebraska Cornhuskers batting - Pitching for University of Florida Gators : LHP Juan Portillo
|
Batting: RHB Quentin Howland
|
0-0: Called Strike 0-1: Ball 1-1: Called Strike 1-2: DOUBLE (Line Drive, 5D, EV 95.0 MPH)
|
Batting: LHB Jose Gonzalez
|
0-0: Foul Ball, location: 2F 0-1: Ball 1-1: Ball 2-1: Ground out 5-3 (Groundball, 56S, EV 86.9 MPH)
|
Batting: RHB Mario Lopec
|
0-0: Swinging Strike 0-1: Swinging Strike 0-2: Fly out, F7 (Flyball, 78D, EV 95.6 MPH)
|
Batting: LHB Bob Appleby
|
0-0: Called Strike 0-1: Called Strike 0-2: Ball Wild Pitch! Quentin Howland to third 1-2: Foul Ball, location: 2F 1-2: Fly out, F8 (Line Drive, 8LD, EV 94.4 MPH)
|
Top of the 7th over - 0 runs, 1 hit, 0 errors, 1 left on base; University of Nebraska 0 - University of Florida 3 |
BOTTOM OF THE 7TH |
University of Florida Gators batting - Pitching for University of Nebraska Cornhuskers : RHP Dana Buker
|
Batting: SHB Thad Shearing
|
0-0: Swinging Strike 0-1: Ball 1-1: Ball 2-1: Foul Ball, location: 2F 2-2: Ball 3-2: Base on Balls
|
Batting: RHB Danny Cisneros
|
0-0: Ball 1-0: Fly out, F6 (Popup, 6MS, EV 82.5 MPH)
|
Batting: LHB Juan Cadavid
|
0-0: Swinging Strike 0-1: Fly out, F7 (Line Drive, 7S, EV 108.8 MPH)
|
Batting: RHB Ben Bailey
|
0-0: Called Strike 0-1: Ball 1-1: Swinging Strike 1-2: Ball 2-2: Ball 3-2: Foul Ball, location: 2F 3-2: Strikes out swinging
|
Bottom of the 7th over - 0 runs, 0 hits, 0 errors, 1 left on base; University of Nebraska 0 - University of Florida 3 |
TOP OF THE 8TH |
University of Nebraska Cornhuskers batting - Pitching for University of Florida Gators : LHP Juan Portillo
|
Batting: RHB Tyler Cohen
|
0-0: Called Strike 0-1: Foul Ball, location: 2F 0-2: Strikes out swinging
|
Batting: RHB Sergio Andrada
|
0-0: Reached on error, E5 (Groundball, 5, EV 84.4 MPH)
|
Batting: RHB Chris Anthony
|
0-0: Ball 1-0: Called Strike 1-1: Ground out 6-3 (Groundball, 6, EV 84.4 MPH) Sergio Andrada to third
|
Batting: RHB Rob Bryan
|
0-0: Called Strike 0-1: SINGLE (Groundball, 4MD, EV 109.4 MPH) Sergio Andrada scores
|
Batting: RHB Jason Blakeley
|
0-0: Ball 1-0: Foul Ball, location: 2F 1-1: Swinging Strike 1-2: Ball 2-2: Ball 3-2: SINGLE (Groundball, 5D, EV 98.8 MPH) Rob Bryan to second Rob Bryan to third
|
Pitching: RHP Carlos Figueroa
|
|
Pinch Hitting: SHB Gary Luckwell
|
0-0: Ball 1-0: Called Strike 1-1: Foul Ball, location: 2F 1-2: Strikes out looking
|
Top of the 8th over - 1 run, 2 hits, 1 error, 2 left on base; University of Nebraska 1 - University of Florida 3 |
BOTTOM OF THE 8TH |
University of Florida Gators batting - Pitching for University of Nebraska Cornhuskers : RHP Dana Buker
|
Now at 3B: Tim Bond
|
|
Batting: RHB Marco Morales
|
0-0: Foul Ball, location: 2F 0-1: Swinging Strike 0-2: Ball 1-2: Ball 2-2: Ball 3-2: Fly out, F7 (Flyball, 78M, EV 83.1 MPH)
|
Pinch Hitting: LHB Dave Newsome
|
0-0: Ball 1-0: Ball 2-0: Ball 3-0: Base on Balls
|
Pitching: RHP Doug Haas
|
|
Batting: RHB Juan Lopez
|
0-0: Called Strike 0-1: Called Strike Dave Newsome is caught stealing 2nd base 2-4 0-2: Ball 1-2: SINGLE (Groundball, 4MD, EV 102.5 MPH)
|
Batting: RHB Gong-sun Law
|
0-0: Ball 1-0: Called Strike 1-1: Fly out, F8 (Flyball, 8RM, EV 81.9 MPH)
|
Bottom of the 8th over - 0 runs, 1 hit, 0 errors, 1 left on base; University of Nebraska 1 - University of Florida 3 |
TOP OF THE 9TH |
University of Nebraska Cornhuskers batting - Pitching for University of Florida Gators : RHP Carlos Figueroa
|
Pitching: RHP Vespasiano Galvanoni
|
|
Now in LF: Keith Kamerling
|
|
Now in RF: Dave Newsome
|
|
Pinch Hitting: RHB Robby Arce
|
0-0: Ball 1-0: Ball 2-0: Called Strike 2-1: Ground out 6-3 (Groundball, 6, EV 86.2 MPH)
|
Pinch Hitting: LHB Avicenna Abdul-Muta'al
|
0-0: Fly out, F9 (Flyball, 9LS, EV 86.9 MPH)
|
Pinch Hitting: RHB David Arevalo
|
0-0: Ball 1-0: Called Strike 1-1: Swinging Strike 1-2: Foul Ball, location: 2F 1-2: Strikes out swinging
|
Top of the 9th over - 0 runs, 0 hits, 0 errors, 0 left on base; University of Nebraska 1 - University of Florida 3 |
|